AoeStats
← akroman2

QS Arena

503660050Analyzed
1v1 RM · 1mo ago on Sep 1, 2026· 38m 34s· 2 players
Game mode
Random Map
Map size
Tiny (2 player)
Population
200
Speed
Normal
Resources
Standard
Victory
Conquest
Starting age
Dark Age
Ending age
Imperial Age
RankedLock teamsTeams togetherTeam positionsShared explorationLock speedFull tech treeHidden civsTurbo modeCheats
Victory
Defeat
🇩🇪 Vikings · Germany
1024
+15
🇷🇺 Portuguese · Russia
1004
-15
akroman2
9:48 Feudal Age
13:18 Castle Age
11:06 Double-Bit Axe
11:26 Horse Collar
13:14 Loom
14:41 Bow Saw
18:39 Scale Barding Armor
19:08 Circumnavigation
23:12 Wheelbarrow
24:52 Hand Cart
24:24 Town Watch
27:49 Fletching
27:59 Padded Archer Armor
28:16 Forging
28:27 Chain Barding Armor
34:14 Imperial Age
32:00 Thumb Ring
31:50 Gold Mining
32:42 Redemption
32:31 Elite Skirmisher
33:10 Bodkin Arrow
33:30 Leather Archer Armor
37:06 Chemistry
36:28 Bracer
36:58 Ring Archer Armor
tuckerAOE
8:23 Feudal Age
6:39 Loom
9:10 Double-Bit Axe
12:50 Castle Age
11:13 Horse Collar
13:15 Fletching
18:05 Bow Saw
19:21 Gold Mining
19:45 Loom
22:29 Crossbowman
26:29 Imperial Age
24:49 Heavy Plow
25:12 Ballistics
25:06 Bodkin Arrow
25:05 Town Watch
25:39 Crossbowman
26:21 Padded Archer Armor
26:56 Town Patrol
27:28 Bracer
27:44 Leather Archer Armor
28:44 Chemistry
28:33 Arbalester
29:58 Capped Ram
31:21 Conscription
33:12 Siege Ram
36:23 Ring Archer Armor
37:45 Scale Mail Armor
37:56 Forging
38:10 Bogsveigar
Connection lost

Rejoining the realm…

Still unreachable

The connection could not be restored.

Session expired

The server has moved on; the page needs a fresh start.